cohdb
Replays
Latest Replays
All Replays
Popular Replays
Top Player Replays
Match Explorer
How It Works
Community
CoH3 Stats
Reddit
Sign in to upload your games and track your stats! →
Sign in with Steam
Match 45246786
Unlisted
Match 45246786
Overview
Messages
Build Orders
End
Vickers Machine Gun Team
Construct Section Command Post
Royal Engineer Section
Vickers Machine Gun Team
Construct Section Command Post
Infantry Section
Infantry Section
Construct Platoon Command Post
Humber Armored Car
6-pounder Anti-tank Gun Team
Infantry Section
CMP 15cwt Truck
Construct Company Command Post
Selects Heavy Armor Battlegroup
Selects Light Vehicle Withdraw and Refit
Selects Radio Net
Selects Recon Artillery
Selects Rigorous Vehicle Training
Selects Forward Repair Assembly
Selects UNKNOWN (2162094)
Churchill IV Heavy Tank
Recon Artillery
Yeoul
Joo Shiyoung
Herr Blautier
EPHX_Valkyrion
0
0
Comments
sign in to comment!
No comments posted yet!